 Dungeon Crawl Stone Soup version 0.22-a0-147-gfdd7f25 (webtiles) character file.

96067 mortelune the Frost Mage (level 15, 0/110 HPs)
             Began as a Demonspawn Ice Elementalist on Feb 6, 2018.
             Was the Champion of Makhleb.
             Slain by a hornet (10 damage)
             ... created by a shambling mangrove
             ... while paralysed by a hornet
             ... on level 2 of the Swamp.
             The game lasted 02:58:35 (58338 turns).

mortelune the Frost Mage (DsIE)                    Turns: 58338, Time: 02:58:36

Health: 0/110      AC: 11    Str:  8    XL:     15   Next: 68%
Magic:  7/31       EV:  2    Int: 23    God:    Makhleb [******]
Gold:   665        SH:  0    Dex: 21    Spells: 6/38 levels left

rFire    + . .     SeeInvis +   J - +5 long sword of Aret {drain, rC+ Stlth+}
rCold    + . .     Gourm    .   V - +0 buckler of Yesterday {rF+ Dex+2 Stlth+}
rNeg     . . .     Faith    .   S - +0 troll leather armour
rPois    +         Spirit   .   (helmet unavailable)
rElec    .         Reflect  .   N - +2 cloak {+Inv}
rCorr    .         Harm     .   E - +0 pair of gloves
MR       +....                  f - +2 pair of boots of the Assassin {Detection Stab+ Stlth++}
Stlth    +++++++...             (no amulet)
HPRegen  0.68/turn              Q - +5 ring of dexterity
MPRegen  0.22/turn              W - ring of poison resistance

@: paralysed, lethally poisoned (0 -> -6), slowed
A: antennae 3, large bone plates 2, demonic guardian 2, nightstalker 1,
augmentation 1
a: Minor Destruction, Lesser Servant of Makhleb, Major Destruction, Greater
Servant of Makhleb, Renounce Religion, Evoke Invisibility


You were on level 2 of the Swamp.
You worshipped Makhleb.
Makhleb was exalted by your worship.
You were very hungry.

You visited 4 branches of the dungeon, and saw 25 of its levels.
You also visited: Sewer and Bailey.

You collected 3016 gold pieces.
You spent 2351 gold pieces at shops.

Inventory:

Hand Weapons
 J - the +5 long sword of Aret (weapon) {drain, rC+ Stlth+}
   (You found it on level 14 of the Dungeon)

   A truly terrible weapon, it drains the life of those it strikes.
   It protects you from cold.
   It makes you more stealthy.
 O - the +2 falchion of Exquisite Torment {drain, MR+}
   (You bought it in a shop on level 2 of the Orcish Mines)

   A truly terrible weapon, it drains the life of those it strikes.
   It affects your resistance to hostile enchantments.
Missiles
 l - 5 throwing nets (quivered)
Armour
 f - the +2 pair of boots of the Assassin (worn) {Detection Stab+ Stlth++}
   (You acquired it on level 1 of the Lair of Beasts)

   It makes you much more stealthy.
 E - a +0 pair of gloves (worn)
 H - a +0 leather armour of fire resistance
 N - a +2 cloak of invisibility (worn)
 S - a +0 troll leather armour (worn)
 V - the +0 buckler of Yesterday (worn) {rF+ Dex+2 Stlth+}
   (You acquired it on level 1 of the Swamp)

   It affects your dexterity (+2).
   It protects you from fire.
   It makes you more stealthy.
Jewellery
 k - an uncursed ring of protection from cold
 r - an uncursed ring of protection from magic
 x - an uncursed ring of resist corrosion
 Q - a +5 ring of dexterity (left hand)
 W - a ring of poison resistance (right hand)
Wands
 B - a wand of scattershot (5)
 F - a wand of acid (13)
 L - a wand of flame (22)
 M - a wand of paralysis (40)
 P - a wand of polymorph (43)
 R - a wand of iceblast (13)
Scrolls
 g - 13 scrolls of teleportation
 i - 9 scrolls of remove curse
 j - 3 scrolls of fear
 m - 3 scrolls of fog
 n - 3 scrolls of amnesia
 q - 4 scrolls of magic mapping
 s - 2 scrolls of immolation
 u - 2 scrolls of vulnerability {unknown}
 w - 2 scrolls of enchant weapon
 z - a scroll of identify
 T - a scroll of blinking
Potions
 a - a potion of experience
 b - a potion of magic
 d - 10 potions of curing
 h - 7 potions of cancellation
 o - 6 potions of flight
 p - 2 potions of haste
 t - 6 potions of mutation
 v - 5 potions of might
 y - a potion of heal wounds
 A - a potion of invisibility
 C - a potion of resistance
 D - 2 potions of agility
 I - 4 potions of ambrosia
 K - 2 potions of lignification
 U - 2 potions of brilliance
 Z - 2 potions of berserk rage
Books
 G - a book of Ice

   Spells                             Type                      Level
   a - Ice Form                       Ice/Transmutation            4
   b - Metabolic Englaciation         Hexes/Ice                    5
   c - Ozocubu's Refrigeration        Ice                          6
   d - Bolt of Cold                   Conjuration/Ice              6
   e - Freezing Cloud                 Conjuration/Ice/Air          6
   f - Simulacrum                     Ice/Necromancy               6
 Y - a book of Clouds

   Spells                             Type                      Level
   a - Poisonous Vapours              Poison/Air                   2
   b - Mephitic Cloud                 Conjuration/Poison/Air       3
   c - Conjure Flame                  Conjuration/Fire             3
   d - Freezing Cloud                 Conjuration/Ice/Air          6
   e - Ring of Flames                 Charms/Fire                  7
Miscellaneous
 e - 3 boxes of beasts
Comestibles
 c - 16 rations


   Skills:
 - Level 7.6 Fighting
 + Level 8.8 Dodging
 - Level 1.7 Stealth
 * Level 1.4 Shields
 + Level 12.2 Spellcasting
 + Level 12.3 Conjurations
 - Level 6.6 Summonings
 - Level 2.4 Translocations
 * Level 13.5 Ice Magic
 + Level 6.4 Air Magic
 - Level 7.4 Invocations


You had 6 spell levels left.
You knew the following spells:

 Your Spells              Type           Power        Failure   Level  Hunger
a - Freeze                Ice            ####         1%          1    None
b - Throw Frost           Conj/Ice       ######       1%          2    None
c - Ozocubu's Armour      Chrm/Ice       #####...     1%          3    None
d - Throw Icicle          Conj/Ice       ######..     1%          4    None
e - Summon Ice Beast      Ice/Summ       ######..     1%          4    None
f - Blink                 Tloc           N/A          4%          2    None
g - Passage of Golubria   Tloc           N/A          32%         4    None
q - Freezing Cloud        Conj/Ice/Air   ######....   16%         6    #####..
z - Bolt of Cold          Conj/Ice       ######....   6%          6    #####..


Dungeon Overview and Level Annotations

Branches:
Dungeon (15/15)            Temple (0/1) D:5            Lair (6/6) D:9
  Swamp (2/4) Lair:4        Snake (0/4) Lair:2        Slime (0/5) Lair:5
    Orc (2/2) D:10            Elf (0/3) Orc:2        Vaults (0/5) D:13
 Depths (0/5) D:15

Altars:
Cheibriados
Elyvilon
Fedhas
Hepliaklqana
Makhleb
Nemelex Xobeh
Qazlal
Sif Muna
Trog
Uskayaw
Wu Jian
Xom
Yredelemnul
Zin
The Shining One
Beogh
Jiyva

Shops:
D:4 =   D:7 [   D:8 !   D:9 *   D:11 (   D:12 =   D:15 =!(   Orc:2 (:[*

Annotations:
D:13 exclusion: ice statue
Lair:1 exclusion: 2 oklob plants
Lair:6 sankara's ghost, journeyman MiFi


Innate Abilities, Weirdness & Mutations

You have a pair of large antennae on your head. (SInv)
You are mostly covered in large bone plates. (SH +6)
A demonic guardian rushes to your aid.
You are slightly more attuned to the shadows.
Your magical and physical power is slightly enhanced at high health.


Message History

Press: ? - help, Shift-Dir - straight line, f - hornet, p - shambling mangrove
Aim: a hornet (almost dead)
You freeze the hornet.
The hornet is almost dead.
You feel sick. The hornet stings you.
* * * LOW HITPOINT WARNING * * *
You are more poisoned.
You suddenly lose the ability to move!
Your ice beast hits the shambling mangrove.
Your ice beast freezes the shambling mangrove!!
The shambling mangrove is destroyed!
Makhleb accepts your kill.
The grasping roots settle back into the ground.
The hornet stings your ice beast!
Your ice beast misses the hornet.
You feel sick. The hornet stings you.
* * * LOW HITPOINT WARNING * * *
You feel yourself slow down.
The hornet completely misses your ice beast.
The hornet stings you!
You die...

♣ ♣♣♣♣♣♣≈ ♣≈...≈♣♣
♣.≈≈≈≈.♣ .♣
♣≈≈≈≈@♣♣
≈.≈♣♣.≈≈Yy≈♣
.≈≈≈≈≈...≈≈≈Yy.♣
≈≈.≈≈≈≈..≈≈≈≈≈.♣
.≈≈.§≈..≈≈≈≈≈.≈♣♣
......)♣≈.≈≈≈.:.♣♣
.≈≈..≈.♣.≈..≈≈..≈♣
.≈≈.≈..≈†.....≈.♣♣
.......?.......≈.♣♣


You could see 2 hornets and 2 friendly ice beasts.

Vanquished Creatures
  An orc warlord (Orc:2)
  A stone giant (Orc:2)
  A fire dragon (D:15)
  A deep elf high priest (D:14)
  Harold (Lair:2)
  2 vault guards (D:13)
  8 hydras
  2 catoblepae
  8 two-headed ogres
  4 centaur warriors (D:14)
  A death yak (Lair:6)
  An orc high priest (Orc:2)
  Urug (D:14)
  A deep elf knight (D:13)
  A fire crab (D:14)
  2 unseen horrors
  A swamp dragon (Swamp:2)
  4 orc knights
  10 ugly things
  A deep elf mage (D:13)
  3 manticores
  7 cyclopes
  6 orc sorcerers
  3 elephants
  4 centaur skeletons
  A gargoyle (D:15)
  2 komodo dragons
  A kobold demonologist (D:12)
  11 spiny frogs
  2 rime drakes
  A yaktaur (D:13)
  3 hornets
  2 polar bears
  A jumping spider (shapeshifter) (D:13)
  A tyrant leech (Swamp:1)
  9 hippogriffs
  2 blink frogs (Lair:4)
  3 dream sheep (Lair:6)
  11 slime creatures
  A blink frog (shapeshifter) (D:14)
  3 wraiths
  3 shadows
  2 spriggans
  3 wyverns
  29 yaks
  2 basilisks
  A vampire (D:13)
  2 humans (D:13)
  5 vampire mosquitoes
  3 wargs
  7 insubstantial wisps (Swamp:1)
  An acid dragon (D:15)
  4 swamp worms (Swamp:1)
  A soldier ant (D:15)
  7 water moccasins
  2 porcupines (Lair:1)
  4 sky beasts
  4 swamp drakes
  10 ice beasts
  32 orc warriors
  7 ogres
  3 black bears
  3 boggarts (D:15)
  7 centaurs
  6 wolves
  A centaur (shapeshifter) (D:15)
  22 crocodiles
  15 bullfrogs
  3 big kobolds
  A komodo dragon zombie (Lair:3)
  A wyvern zombie (D:13)
  5 scorpions
  5 killer bees
  17 wights
  4 howler monkeys
  2 electric eels
  6 crimson imps
  4 centaur zombies
  A quasit (D:7)
  Crazy Yiuf (D:7)
  A bullfrog zombie (D:5)
  10 hounds
  8 jellies
  22 orc priests
  A gnoll shaman (D:5)
  4 bullfrog skeletons
  27 orc wizards
  An iguana (D:4)
  7 worker ants
  A hound zombie (D:5)
  A hound skeleton (D:5)
  A worker ant zombie (D:6)
  11 adders
  10 gnolls
  4 river rats
  10 shadow imps
  2 white imps (D:13)
  4 oozes
  An adder zombie (D:10)
  2 adder skeletons
  3 worms
  3 dart slugs
  2 leopard geckos
  63 orcs
  2 ball pythons
  9 giant cockroaches
  2 gnoll zombies (D:5)
  6 goblins
  9 hobgoblins
  15 jackals
  19 kobolds
  6 quokkas
  8 bats
  2 frilled lizards
  A jackal skeleton (D:5)
  10 rats
653 creatures vanquished.

Vanquished Creatures (collateral kills)
  Nessos (Orc:2)
  A dire elephant (Lair:6)
  Snorg (D:14)
  5 hydras
  A fire dragon (D:15)
  2 vault guards (D:13)
  3 death yaks (Lair:6)
  A deep troll shaman (Lair:6)
  An ogre mage (D:14)
  Sonja (Lair:3)
  A shambling mangrove (Swamp:2)
  A necromancer (Lair:3)
  7 orc knights
  7 ugly things
  A manticore (D:13)
  3 elephants
  Maurice (D:8)
  A centaur zombie (D:13)
  The ghost of Xenophilius the Bolt Thrower, a novice CeHu of Okawaru (D:5)
  3 torpor snails
  2 spiny frogs (Lair:2)
  A centaur skeleton (D:13)
  A tengu conjurer (D:13)
  A polar bear (Lair:6)
  2 trolls
  A hornet (Swamp:2)
  3 slime creatures
  6 dream sheep
  3 blink frogs (Lair:4)
  A meliai zombie (D:13)
  A centaur simulacrum (D:15)
  Sigmund (D:4)
  A spriggan (Swamp:1)
  A wyvern (D:11)
  35 yaks
  A vampire (D:14)
  Grum (Lair:1)
  A hungry ghost (D:12)
  5 vampire mosquitoes
  3 insubstantial wisps (Swamp:1)
  2 water moccasins
  2 ice beasts
  9 orc warriors
  2 black bears
  An eye of draining (D:12)
  3 ogres
  An elephant zombie (Lair:3)
  8 wolves
  6 crocodiles (Lair:1)
  A big kobold (D:12)
  2 bullfrogs
  A wyvern skeleton (D:13)
  A scorpion (D:5)
  8 killer bees
  10 wights
  An electric eel (Lair:3)
  A howler monkey (D:9)
  4 hounds (D:9)
  3 orc priests
  3 jellies (D:11)
  6 orc wizards
  An iguana (D:7)
  2 gnolls (D:5)
  An adder (D:6)
  A white imp (D:13)
  2 oozes (D:11)
  9 orcs
205 creatures vanquished.

Vanquished Creatures (others)
  A spiny frog (Swamp:1)
  A vampire mosquito (Swamp:1)
  A quokka (D:15)
  11 fungi
  10 plants
24 creatures vanquished.

Grand Total: 882 creatures vanquished

Notes
Turn   | Place    | Note
-------+----------+-------------------------------------------
     0 | D:1      | mortelune the Demonspawn Ice Elementalist began the quest for the Orb.
     0 | D:1      | Reached XP level 1. HP: 13/13 MP: 3/3
   284 | D:1      | Reached skill level 3 in Ice Magic
   423 | D:1      | Gained mutation: You have a pair of small antennae on your head. [demonic ancestry]
   423 | D:1      | Reached XP level 2. HP: 15/19 MP: 1/5
   591 | D:1      | Learned a level 2 spell: Throw Frost
  1583 | D:2      | Found a burning altar of Makhleb.
  1603 | D:2      | Became a worshipper of Makhleb the Destroyer
  1631 | D:2      | Gained mutation: You have a pair of antennae on your head. [demonic ancestry]
  1631 | D:2      | Reached XP level 3. HP: 22/24 MP: 3/6
  1793 | D:2      | Learned a level 3 spell: Ozocubu's Armour
  2524 | D:2      | Reached XP level 4. HP: 30/30 MP: 0/8
  3028 | D:3      | Reached skill level 4 in Ice Magic
  3057 | D:3      | Reached * piety under Makhleb
  4234 | D:3      | Found a faded altar of an unknown god.
  4440 | D:4      | Gained mutation: A weak demonic guardian rushes to your aid. [demonic ancestry]
  4440 | D:4      | Reached XP level 5. HP: 32/35 MP: 0/9
  4765 | D:4      | Found Onwuruh's Jewellery Shop.
  4838 | D:4      | Reached ** piety under Makhleb
  4937 | D:4      | Found a glowing drain.
  4944 | D:4      | Reached skill level 5 in Ice Magic
  4956 | Sewer    | Entered a sewer
  5152 | Sewer    | Gained mutation: You are partially covered in large bone plates. (SH +4) [demonic ancestry]
  5152 | Sewer    | Reached XP level 6. HP: 41/41 MP: 4/11
  5247 | Sewer    | Found a white marble altar of Elyvilon.
  5463 | D:4      | Learned a level 4 spell: Throw Icicle
  5499 | D:4      | Found a blossoming altar of Fedhas.
  5502 | D:4      | Found a hide-covered altar of Uskayaw.
  5525 | D:4      | Found an ornate altar of the Wu Jian Council.
  5811 | D:4      | Found a snail-covered altar of Cheibriados.
  6140 | D:4      | Found a sparkling altar of Nemelex Xobeh.
  6276 | D:4      | Noticed Sigmund
  6459 | D:5      | Entered Level 5 of the Dungeon
  6961 | D:5      | Noticed Xenophilius's ghost (novice CeHu)
  7004 | D:5      | Gained mutation: You have a pair of large antennae on your head. (SInv) [demonic ancestry]
  7004 | D:5      | Reached XP level 7. HP: 46/46 MP: 8/13
  7552 | D:5      | Reached skill level 6 in Ice Magic
  7817 | D:5      | Found a shimmering altar of Xom.
  8403 | D:5      | Found a basalt altar of Yredelemnul.
  8744 | D:5      | Reached skill level 5 in Spellcasting
  8826 | D:5      | Learned a level 4 spell: Summon Ice Beast
  9089 | D:6      | Found a glowing silver altar of Zin.
  9205 | D:6      | Reached skill level 1 in Summonings
  9205 | D:6      | Gained mutation: You are mostly covered in large bone plates. (SH +6) [demonic ancestry]
  9205 | D:6      | Reached XP level 8. HP: 50/52 MP: 4/15
  9563 | D:6      | Found a hazy altar of Hepliaklqana.
 10335 | D:6      | Found a bloodstained altar of Trog.
 10858 | D:7      | Reached skill level 7 in Ice Magic
 11020 | D:7      | Found Baroynuwk's Armour Shop.
 11023 | D:7      | Bought a +0 pair of gloves for 54 gold pieces
 11704 | D:7      | You fall through a shaft for 3 floors!
 11704 | D:10     | Entered Level 10 of the Dungeon
 11849 | D:9      | Found Jiffurik's General Store.
 11854 | D:9      | Reached skill level 5 in Conjurations
 12150 | D:7      | Gained mutation: You are slightly more attuned to the shadows. [demonic ancestry]
 12150 | D:7      | Reached XP level 9. HP: 57/57 MP: 9/18
 13139 | D:7      | Found a runed door.
 13267 | D:7      | Noticed Crazy Yiuf
 13273 | D:7      | Killed Crazy Yiuf
 13556 | D:8      | Reached *** piety under Makhleb
 13805 | D:8      | Found a deep blue altar of Sif Muna.
 13811 | D:8      | Identified the Reference Book on the Mountains and the Oath
 13920 | D:8      | Found Vaoril's Distillery.
 13932 | D:8      | Bought a potion of heal wounds for 65 gold pieces
 13981 | D:8      | Noticed Maurice
 13996 | D:8      | Killed Maurice
 14940 | D:9      | Reached skill level 5 in Summonings
 14940 | D:9      | Reached skill level 8 in Ice Magic
 15066 | D:9      | Found a stormy altar of Qazlal.
 15328 | D:9      | Found a staircase to the Lair.
 15356 | D:9      | Noticed a troll
 15362 | D:9      | Killed a troll
 15903 | D:9      | Gained mutation: A demonic guardian rushes to your aid. [demonic ancestry]
 15903 | D:9      | Reached XP level 10. HP: 63/63 MP: 11/20
 15924 | D:9      | Reached **** piety under Makhleb
 16323 | D:9      | Found a bloodstained altar of Trog.
 16925 | D:10     | Noticed a two-headed ogre
 16930 | D:10     | Killed a two-headed ogre
 18285 | D:10     | Reached skill level 9 in Ice Magic
 18726 | D:10     | Reached skill level 1 in Fighting
 18995 | D:10     | Reached ***** piety under Makhleb
 19101 | D:10     | Found a staircase to the Orcish Mines.
 20006 | D:5      | Killed Xenophilius's ghost
 20335 | D:5      | Found a staircase to the Ecumenical Temple.
 20374 | D:4      | Killed Sigmund
 20458 | D:4      | Found a glowing golden altar of the Shining One.
 20537 | D:4      | Bought an uncursed ring of poison resistance for 220 gold pieces
 20702 | Lair:1   | Entered Level 1 of the Lair of Beasts
 20759 | Lair:1   | Reached XP level 11. HP: 31/73 MP: 1/23
 21487 | Lair:1   | Identified a scroll of acquirement
 21489 | Lair:1   | Found the +2 pair of boots of the Assassin {Detection Stab+ Stlth++}
 22208 | Lair:1   | Noticed Grum
 22416 | Lair:1   | Noticed an oklob plant
 22422 | Lair:1   | Noticed an oklob plant
 22437 | Lair:1   | Killed Grum
 23353 | Lair:2   | Noticed Harold
 23374 | Lair:2   | Killed Harold
 24576 | Lair:2   | Reached skill level 10 in Ice Magic
 25283 | Lair:2   | Found a staircase to the Snake Pit.
 25714 | Lair:3   | Reached skill level 5 in Fighting
 25714 | Lair:3   | Reached skill level 1 in Invocations
 26816 | Lair:3   | Gained mutation: Your magical and physical power is slightly enhanced at high health. [demonic ancestry]
 26816 | Lair:3   | Reached XP level 12. HP: 62/86 MP: 3/25
 27128 | Lair:3   | Noticed Sonja
 27152 | Lair:3   | Killed Sonja
 27496 | Lair:3   | Noticed a five-headed hydra
 27500 | Lair:3   | Killed a five-headed hydra
 28553 | Lair:4   | Found a staircase to the Swamp.
 28967 | Lair:4   | Noticed a six-headed hydra
 28980 | Lair:4   | Killed a six-headed hydra
 29256 | Lair:4   | Noticed an eight-headed hydra
 29271 | Lair:4   | Killed an eight-headed hydra
 29714 | Lair:4   | Reached skill level 10 in Conjurations
 30026 | Lair:4   | Reached skill level 10 in Spellcasting
 30267 | Lair:4   | Reached skill level 5 in Invocations
 31013 | Lair:5   | Noticed a four-headed hydra
 31019 | Lair:5   | Killed a four-headed hydra
 31113 | Lair:5   | Noticed a six-headed hydra
 31122 | Lair:5   | Killed a six-headed hydra
 31509 | Lair:5   | Found a viscous altar of Jiyva.
 31510 | Lair:5   | Found a staircase to the Slime Pits.
 32103 | Lair:6   | Entered Level 6 of the Lair of Beasts
 32181 | Lair:6   | Noticed sankara's ghost (journeyman MiFi)
 32647 | Lair:6   | Reached XP level 13. HP: 95/95 MP: 3/27
 33257 | Lair:6   | Learned a level 2 spell: Blink
 33274 | Lair:6   | Reached skill level 5 in Dodging
 33274 | Lair:6   | Reached skill level 11 in Ice Magic
 33558 | Lair:6   | Reached skill level 1 in Translocations
 34108 | Lair:6   | Noticed a dire elephant
 34128 | Lair:6   | Killed a dire elephant
 35820 | D:11     | Found Minamus's Weapon Emporium.
 36683 | D:11     | Found a white marble altar of Elyvilon.
 36775 | D:9      | Bought a book of Clouds for 675 gold pieces
 36782 | D:9      | Learned a level 6 spell: Freezing Cloud
 36843 | D:12     | Found Huoham's Jewellery Boutique.
 37342 | D:12     | Reached skill level 1 in Air Magic
 39169 | Orc:1    | Entered Level 1 of the Orcish Mines
 39288 | Orc:1    | Found a flagged portal.
 39372 | Bailey   | Entered a bailey
 41247 | Orc:2    | Entered Level 2 of the Orcish Mines
 41305 | Orc:2    | Noticed Nessos
 41329 | Orc:2    | Reached XP level 14. HP: 51/104 MP: 2/29
 41549 | Orc:2    | Found a staircase to the Elven Halls.
 41549 | Orc:2    | Noticed a stone giant
 42213 | Orc:2    | Killed Nessos
 42803 | Orc:2    | Reached ****** piety under Makhleb
 43317 | Orc:2    | Found a roughly hewn altar of Beogh.
 43319 | Orc:2    | Noticed an orc warlord
 43582 | Orc:2    | Killed a stone giant
 44213 | Orc:2    | Found Gufucw's Antique Weapon Shoppe.
 44325 | Orc:2    | Found Awiu's Antique Armour Shoppe.
 44382 | Orc:2    | Found Feamp's General Store.
 44462 | Orc:2    | Killed an orc warlord
 44840 | Orc:2    | Found Xeydiah's Book Shoppe.
 44976 | Orc:2    | Bought a book of Ice for 975 gold pieces
 44992 | Orc:2    | Bought a crystal falchion for 232 gold pieces
 44992 | Orc:2    | Identified the +2 falchion of Exquisite Torment {drain, MR+} (You bought it in a shop on level 2 of the Orcish Mines)
 45006 | Orc:2    | Learned a level 6 spell: Bolt of Cold
 46002 | D:13     | Reached skill level 12 in Ice Magic
 48454 | D:13     | Found a hide-covered altar of Uskayaw.
 49298 | D:13     | Found a gate to the Vaults.
 50128 | D:13     | Reached skill level 5 in Air Magic
 50400 | D:14     | Noticed Urug
 50407 | D:14     | Killed Urug
 51208 | D:14     | Reached XP level 15. HP: 110/110 MP: 8/30
 51650 | D:14     | Noticed Snorg
 51665 | D:14     | Killed Snorg
 51892 | D:14     | Got a brightly glowing long sword
 51948 | D:14     | Identified the +5 long sword of Aret {drain, rC+ Stlth+} (You found it on level 14 of the Dungeon)
 52560 | D:14     | Reached skill level 13 in Ice Magic
 53515 | D:15     | Entered Level 15 of the Dungeon
 54639 | D:15     | Found a staircase to the Depths.
 55635 | D:15     | Found Ytew's Jewellery Emporium.
 55729 | D:15     | Found a white marble altar of Elyvilon.
 55792 | D:15     | Found Efixurph's Antique Weapon Shop.
 56128 | D:15     | Found Guidwycs's Distillery.
 56139 | D:15     | Bought a potion of heal wounds for 50 gold pieces
 56139 | D:15     | Bought a potion of magic for 80 gold pieces
 56510 | Swamp:1  | Entered Level 1 of the Swamp
 56514 | Lair:4   | Paralysed by a hornet for 2 turns
 56689 | Swamp:1  | Got a dazzling buckler
 56695 | Swamp:1  | Identified the +0 buckler of Yesterday {rF+ Dex+2 Stlth+} (You acquired it on level 1 of the Swamp)
 57645 | Swamp:1  | Reached skill level 1 in Shields
 57844 | Swamp:1  | Got an ichor-stained chain mail
 57855 | Swamp:1  | Identified the +0 chain mail of Fallacy {rC+} (You found it on level 1 of the Swamp)
 58145 | Swamp:2  | Learned a level 4 spell: Passage of Golubria
 58337 | Swamp:2  | Paralysed by a hornet for 2 turns
 58338 | Swamp:2  | Slain by a hornet

Vault maps used:
D:1:      eino_arrival_cavern_a, st_stairs_3
D:2:      bloody_makhleb
D:3:      chequers_ecumenical_altar_grove, nrook_mini_vaults
D:4:      kennysheep_slug_shrine, marbit_many_paths, tso_oasis_becter,
          lemuel_doored_altar, grunt_temple_overflow_open, serial_shops, shop,
          portal_sewer_entry_e, uniq_sigmund
D:5:      lemuel_zombie_altar_yredelemnul, kennysheep_mini_moat, temple_hall,
          first_ration
D:6:      kennysheep_mini, kennysheep_little_box, trog_ov_bears_minmay
D:7:      serial_shops, nicolae_shop_behind_doors, uniq_crazy_yiuf_cottage
D:8:      lemuel_round_altar, serial_shops, nicolae_shop_crystal, uniq_maurice
D:9:      overflow_temple_1_default, lemuel_crystal_altar, erik_lair_island,
          serial_shops, shop
D:10:     david_orc_4
D:11:     serial_shops, nicolae_shop_window_shopping, basic_altar,
          hangedman_little_slice_of_home
D:12:     serial_shops, nicolae_shop_trees
D:13:     cheibrodos_fzero, grunt_vaults_entry_fortified, basic_altar,
          ice2_lemuel
D:14:     minmay_crystal_room, minmay_evil_grid, uniq_urug, uniq_snorg
D:15:     grunt_enter_depths_hoard, serial_shops, shop, shop, shop_fountains,
          elyvilon_altar_4
Lair:1:   beast_lair_carwin_7, minmay_lair_oklob_chamber, uniq_grum
Lair:2:   dummy_snake_entry, uniq_harold
Lair:3:   pond_and_an_island_with_a_cottage, uniq_sonja
Lair:4:   swamp_mist_pool
Lair:5:   dpeg_slime_entry_enclosed_altar, serial_forest,
          infiniplex_forest_clump_medium, infiniplex_forest_lined_ring,
          infiniplex_forest_clump_small, infiniplex_forest_zigzag_1,
          infiniplex_forest_zigzag_1, infiniplex_forest_lined_3_way,
          infiniplex_forest_corner_2, infiniplex_forest_split
Lair:6:   grunt_lair_end_beastmaster, lookout_lair_type, serial_bayou_shore_b
Swamp:1:  evilmike_swamp_ruin_rubble_1, infiniplex_staircase_pool
Swamp:2:  nicolae_swamp_round_clearing, uniq_louise
Orc:1:    enter_bailey_8
Orc:2:    grunt_orc_cross, uniq_nessos
Sewer:    sewer_kobolds
Bailey:   bailey_polearm_4, bailey

Skill      XL: |  1  2  3  4  5  6  7  8  9 10 11 12 13 14 15 |
---------------+----------------------------------------------+-----
Ice Magic      | 3 4 5 6 7 8 9 10 11 12 13 | 13.5
Dodging        | 2 4 6 7 8 |  8.8
Spellcasting   | 3 4 5 6 7 8 9 10 11 12 | 12.2
Conjurations   | 2 3 5 6 8 9 10 11 12 | 12.3
Summonings     | 1 3 5 6 |  6.6
Fighting       | 2 5 6 7 |  7.6
Invocations    | 2 6 7 |  7.4
Translocations | 2 |  2.4
Air Magic      | 2 5 6 |  6.4
Shields        | 1 |  1.4
Stealth        | |  1.7

Action                   |  1- 3 |  4- 6 |  7- 9 | 10-12 | 13-15 || total
-------------------------+-------+-------+-------+-------+-------++-------
Melee: Club              |     4 |       |       |       |       ||     4
       Whip              |       |    50 |    29 |       |       ||    79
       Flail             |       |       |    32 |       |    87 ||   119
       Mace              |       |       |     8 |    36 |       ||    44
       Battleaxe         |       |       |       |    42 |    33 ||    75
       Falchion          |       |       |       |       |    75 ||    75
       Long sword        |       |       |       |       |    66 ||    66
 Cast: Freeze            |    55 |   108 |   138 |   330 |   232 ||   863
       Throw Frost       |     7 |    19 |   130 |   262 |    90 ||   508
       Ozocubu's Armour  |       |     2 |    11 |    41 |    69 ||   123
       Throw Icicle      |       |     3 |    45 |    75 |   516 ||   639
       Summon Ice Beast  |       |       |    12 |    77 |   119 ||   208
       Freezing Cloud    |       |       |       |       |     2 ||     2
       Bolt of Cold      |       |       |       |       |    61 ||    61
       Blink             |       |       |       |       |     4 ||     4
Invok: Lesser Servant of |       |       |       |       |    17 ||    17
       Major Destruction |       |       |       |       |     1 ||     1
Evoke: Wand              |       |       |       |     1 |       ||     1
  Use: Scroll            |     1 |     6 |     6 |    11 |    18 ||    42
       Potion            |       |     1 |     1 |       |     6 ||     8
 Stab: Distracted        |       |       |     1 |     6 |     7 ||    14
       Petrified         |       |       |       |       |     4 ||     4
  Eat: Chunk             |     6 |    12 |    23 |    35 |    49 ||   125
       Ration            |       |     1 |     4 |     7 |    15 ||    27
Armor: Robe              |    14 |    46 |    31 |       |       ||    91
       Leather armour    |       |       |     5 |       |       ||     5
       Troll leather arm |       |       |     3 |   117 |   288 ||   408
       Skin              |       |       |       |       |     1 ||     1
Dodge: Dodged            |    29 |    95 |   145 |   222 |   557 ||  1048
Block: Other             |       |     2 |    73 |   116 |   210 ||   401
       Buckler           |       |       |       |       |    33 ||    33
       Rpst.: Falchion   |       |       |       |       |    34 ||    34
       Long sword        |       |       |       |       |    36 ||    36

Table legend:
 A = Spawn XP
 B = Non-spawn XP
 C = Spawn XP percentage of total XP
 D = Spawn monster count
 E = Non-spawn monster count
 F = Spawn count percentage of total count
 G = Total turns spent on level
                    A         B        C        D         E        F      G
               +---------+---------+-------+---------+---------+-------+---------
         Total |       0 |  137239 |   0.0 |       0 |     860 |   0.0 | 58338
               +---------+---------+-------+---------+---------+-------+---------
           D:1 |       0 |      37 |   0.0 |       0 |      22 |   0.0 |  1567
           D:2 |       0 |      71 |   0.0 |       0 |      26 |   0.0 |  1553
           D:3 |       0 |      99 |   0.0 |       0 |      19 |   0.0 |  1567
           D:4 |       0 |     410 |   0.0 |       0 |      24 |   0.0 |  1498
           D:5 |       0 |    1175 |   0.0 |       0 |      36 |   0.0 |  2854
           D:6 |       0 |     813 |   0.0 |       0 |      19 |   0.0 |  1884
           D:7 |       0 |     907 |   0.0 |       0 |      23 |   0.0 |  2494
           D:8 |       0 |     888 |   0.0 |       0 |      17 |   0.0 |  1263
           D:9 |       0 |    2200 |   0.0 |       0 |      39 |   0.0 |  2439
          D:10 |       0 |    4074 |   0.0 |       0 |      54 |   0.0 |  3653
          D:11 |       0 |    3499 |   0.0 |       0 |      34 |   0.0 |  2002
          D:12 |       0 |    7822 |   0.0 |       0 |      42 |   0.0 |  2566
          D:13 |       0 |   22650 |   0.0 |       0 |      83 |   0.0 |  4940
          D:14 |       0 |   19827 |   0.0 |       0 |      58 |   0.0 |  3895
          D:15 |       0 |   12022 |   0.0 |       0 |      43 |   0.0 |  1569
        Lair:1 |       0 |    3029 |   0.0 |       0 |      27 |   0.0 |  2913
        Lair:2 |       0 |    4891 |   0.0 |       0 |      28 |   0.0 |  2060
        Lair:3 |       0 |    6529 |   0.0 |       0 |      32 |   0.0 |  2748
        Lair:4 |       0 |    6616 |   0.0 |       0 |      28 |   0.0 |  2291
        Lair:5 |       0 |    5698 |   0.0 |       0 |      27 |   0.0 |  2162
        Lair:6 |       0 |   11070 |   0.0 |       0 |      35 |   0.0 |  2282
       Swamp:1 |       0 |    5242 |   0.0 |       0 |      25 |   0.0 |  1672
       Swamp:2 |       0 |    1749 |   0.0 |       0 |       5 |   0.0 |    90
         Orc:1 |       0 |    1992 |   0.0 |       0 |      20 |   0.0 |  2165
         Orc:2 |       0 |   10574 |   0.0 |       0 |      67 |   0.0 |  2692
         Sewer |       0 |     123 |   0.0 |       0 |       9 |   0.0 |   501
        Bailey |       0 |    3232 |   0.0 |       0 |      18 |   0.0 |  1018
               +---------+---------+-------+---------+---------+-------+---------
